 Dungeon Crawl Stone Soup version 0.20.0-4-g10b340a (webtiles) character file.

116 Bareth the Grave Robber (level 4, -4/24 HPs)
             Began as a Deep Elf Necromancer on May 27, 2017.
             Slain by Sigmund
             ... wielding a +0 scythe
              (9 damage)
             ... on level 2 of the Dungeon.
             The game lasted 00:22:25 (3502 turns).

Bareth the Grave Robber (Deep Elf Necromancer)      Turns: 3502, Time: 00:22:26

Health: -4/24      AC:  2    Str:  5    XL:     4   Next: 69%
Magic:  3/12       EV: 13    Int: 21    God:
Gold:   51         SH:  0    Dex: 15    Spells: 3/11 levels left

rFire    . . .     SeeInvis .   (no weapon)
rCold    . . .     Gourm    .   (no shield)
rNeg     . . .     Faith    .   a - +0 robe
rPois    .         Spirit   .   (no helmet)
rElec    .         Reflect  .   (no cloak)
rCorr    .         Harm     .   (no gloves)
MR       .....                  (no boots)
Stlth    +.........             (no amulet)
Regen    0.1/turn               (no ring)
MPRegen  0.2/turn               (no ring)

@: confused
A: no striking features
a: no special abilities


You were on level 2 of the Dungeon.
You were very hungry.

You visited 1 branch of the dungeon, and saw 2 of its levels.

You collected 51 gold pieces.

Inventory:

Armour
 a - a +0 robe (worn)
Scrolls
 g - a scroll of immolation {unknown}
 h - a scroll of amnesia {unknown}
 k - a scroll of teleportation {unknown}
 l - a scroll of remove curse {unknown}
Potions
 d - a potion of curing {unknown}
 e - a potion of haste {unknown}
 i - a potion of might {unknown}
 j - 2 potions of agility {unknown}
Books
 b - a book of Necromancy

   Spells                             Type                      Level
   a - Pain                           Necromancy                   1
   b - Animate Skeleton               Necromancy                   1
   c - Vampiric Draining              Necromancy                   3
   d - Regeneration                   Charms/Necromancy            3
   e - Animate Dead                   Necromancy                   4
   f - Control Undead                 Necromancy                   4
Comestibles
 c - a bread ration
 f - a meat ration


   Skills:
 + Level 2.7 Dodging
 + Level 3.2 Stealth
 + Level 4.2 Spellcasting
 + Level 0.4 Charms
 + Level 6.3 Necromancy


You had 3 spell levels left.
You knew the following spells:

 Your Spells              Type           Power        Failure   Level  Hunger
a - Pain                  Necr           ####         1%          1    None
b - Animate Skeleton      Necr           N/A          1%          1    None
c - Vampiric Draining     Necr           ####......   2%          3    ###....
d - Regeneration          Chrm/Necr      ###.......   9%          3    ###....


Dungeon Overview and Level Annotations

Branches:
Dungeon (2/15)

Altars:

Annotations:
D:2 Robin, Sigmund


Message History

Robin roars a battlecry!
The hobgoblin goes into a battle-frenzy!
A leopard gecko comes into view.
You are feeling very hungry.
You are confused.
You're too confused to cast spells.
Unknown command.
Robin throws the goblin at you! The goblin closely misses you.
You barely miss the goblin. Something hits you!
Ouch! That really hurt!
The goblin hits you with a dagger.
* * * LOW HITPOINT WARNING * * *
The goblin misses you.
You're too confused to move!
You feel less confused.
You hear some strange, mumbled words.
You are confused.
The goblin completely misses you. Something hits you!
You die...

....######.#..#................##
....######g#[.#....#.............
..........g......................
...#.#####....................###
....... #.##...#.###.(.......#
.... #.##.#.#..###.########
.....#.#######.# #.#
..!........{..g.# #.#
l.....#...g.g@..###.#
.g....'.............#
......#.........#####
......#.........+ .....
#.l.......##### +###
#.....####....# ######## .......#
#.##.# #....... ........# #)##.#
#....... ........#
#.##.#.#.......


You could see Robin, a leopard gecko (wandering) and 2 goblins.

Vanquished Creatures
  Terence (D:2)
  An ooze (D:2)
  2 worms
  4 dart slugs
  A leopard gecko (D:2)
  4 bats
  3 giant cockroaches (D:1)
  8 hobgoblins
  11 kobolds
  2 quokkas
  A ball python (D:1)
  A frilled lizard (D:1)
  14 goblins
  5 rats
58 creatures vanquished.

Vanquished Creatures (collateral kills)
  A gnoll (D:1)
1 creature vanquished.

Grand Total: 59 creatures vanquished

Notes
Turn   | Place    | Note
-------+----------+-------------------------------------------
     0 | D:1      | Bareth the Deep Elf Necromancer began the quest for the Orb.
     0 | D:1      | Reached XP level 1. HP: 10/10 MP: 6/6
    22 | D:1      | Reached skill level 5 in Necromancy
   396 | D:1      | Learned a level 1 spell: Animate Skeleton
   712 | D:1      | Reached XP level 2. HP: 15/15 MP: 6/8
  1429 | D:1      | Reached XP level 3. HP: 15/19 MP: 6/10
  2754 | D:2      | Noticed Terence
  2756 | D:2      | Reached skill level 6 in Necromancy
  2763 | D:2      | Killed Terence
  2763 | D:2      | Reached XP level 4. HP: 13/24 MP: 0/12
  2909 | D:2      | Learned a level 3 spell: Vampiric Draining
  2913 | D:2      | Learned a level 3 spell: Regeneration
  3421 | D:2      | Noticed Robin
  3432 | D:2      | Noticed Sigmund
  3502 | D:2      | Slain by Sigmund

Skill      XL: |  1  2  3 |
---------------+----------+-----
Necromancy     | 5 6 |  6.3
Stealth        | 3 |  3.2
Spellcasting   | 4 |  4.2
Dodging        | |  2.7
Charms         | |  0.4

Action                   |  1- 3 |  4- 6 || total
-------------------------+-------+-------++-------
Melee: Unarmed           |     1 |     1 ||     2
 Cast: Pain              |    80 |    24 ||   104
       Animate Skeleton  |     5 |     1 ||     6
       Vampiric Draining |       |     4 ||     4
       Regeneration      |       |     2 ||     2
  Eat: Chunk             |     5 |     2 ||     7
Armor: Robe              |     3 |     3 ||     6
Dodge: Dodged            |    10 |    11 ||    21
